 Dungeon Crawl Stone Soup version 0.17-a0-1572-g7a1422d (webtiles) character file.

265 abixa the Chopper (level 6, -1/56 HPs)
             Began as a Hill Orc Berserker on July 24, 2015.
             Was a Believer of Trog.
             Succumbed to a kobold's poison
             ... on level 3 of the Dungeon.
             The game lasted 00:07:58 (1856 turns).

abixa the Chopper (Hill Orc Berserker)              Turns: 1856, Time: 00:07:58

Health: -1/56      AC:  9    Str: 20    XL:     6   Next: 20%
Magic:  6/6        EV:  8    Int:  7    God:    Trog [**....]
Gold:   122        SH:  0    Dex: 12    Spells: 0 memorised, 5 levels left

rFire  . . .     SeeInvis .     a - +0 hand axe
rCold  . . .     Clarity  .     s - +0 chain mail
rNeg   . . .     SustAt   .     (no shield)
rPois  .         Gourm    .     (no helmet)
rElec  .         Spirit   .     (no cloak)
rCorr  .         Warding  .     (no gloves)
rMut   .         Stasis   .     (no boots)
MR     ++...                    (no amulet)
Stlth  ..........               (no ring)
                                (no ring)

@: lethally poisoned (-1 -> -17), regenerating, slowed, very slow, very
resistant to hostile enchantments, extremely unstealthy
A: no striking features
a: Burn Spellbooks, Berserk, Trog's Hand, Renounce Religion


You were on level 3 of the Dungeon.
You worshipped Trog.
Trog was pleased with you.
You were very hungry.

You visited 1 branch of the dungeon, and saw 3 of its levels.

You collected 122 gold pieces.

Inventory:

Hand weapons
 a - a +0 hand axe (weapon)
 d - a +0 spear
 k - a +0 hunting sling
 u - a +0 trident
Missiles
 g - 21 bolts
 j - 13 poisoned arrows
 m - 88 stones (quivered)
 n - 4 javelins
 q - 22 arrows
 r - 19 tomahawks
Armour
 s - a +0 chain mail (worn)
Jewellery
 h - an uncursed ring of ice
Scrolls
 b - a scroll of remove curse {unknown}
 f - a scroll of enchant armour {unknown}
 p - 2 scrolls of identify {unknown}
 t - 2 scrolls of immolation
 v - a scroll of noise {unknown}
 w - a scroll of amnesia {unknown}
Potions
 e - a potion of curing {unknown}
 i - a potion of heal wounds {unknown}
 l - 3 potions of flight {unknown}
 o - a potion of brilliance {unknown}
Comestibles
 c - 3 bread rations


   Skills:
 + Level 5.1 Fighting
 * Level 6.8 Axes
 + Level 3.8 Armour
 - Level 1.5 Dodging


You had 5 spell levels left.
You didn't know any spells.

Dungeon Overview and Level Annotations

Branches:
Dungeon (3/15)

Altars:


Message History

* * * LOW HITPOINT WARNING * * *
The kobold shoots a poisoned needle.
The poisoned needle hits you!
You are more poisoned.
The gnoll closely misses you. The jackal closely misses you.
The wasp stings you but does no damage.
* * * LOW HITPOINT WARNING * * *
You feel very sick.
The kobold shoots a poisoned needle.
The poisoned needle hits you!
You are lethally poisoned!
The wasp barely misses you.
The kobold shoots a poisoned needle.
The poisoned needle hits you!
You are more poisoned.
The jackal bites you.
* * * LOW HITPOINT WARNING * * *
You see here 2 poisoned needles.
Read which item? (? for menu, Esc to quit)
As you read the scroll labeled UMMIYFRUIR, it crumbles to dust.
The creatures around you are filled with an inner flame!
It was a scroll of immolation.
You die...

#.. #.#####.......###(..... #.###
##.............# #.h...$
#...###....###.......# ....g..
##...........÷......#..#h....
##........................#g..
#####............K.(..............
#.................g......###... ..
##............)...y.P........
.....
#.............<..@h≈≈≈≈≈≈≈≈≈≈
#..............)...≈≈≈≈≈≈≈≈≈≈≈
#..................≈≈#####≈≈≈≈
#..................≈≈# g.#...
#............#.....≈≈# ..#
#..........########≈≈# #
#......÷........ ≈≈≈.
#........####### ≈≈≈. #........#


You could see a wasp (inner flame), a gnoll (inner flame), a jackal (inner
flame) and a kobold (inner flame).

Vanquished Creatures
  Sigmund (D:3)
  A gnoll (D:1)
  4 adders
  2 worms
  2 giant geckos (D:2)
  4 orcs
  2 giant cockroaches (D:3)
  9 hobgoblins
  2 jackals (D:3)
  6 kobolds
  4 bats
  4 giant newts
  6 goblins
  2 quokkas (D:2)
  3 rats
52 creatures vanquished.

Notes
Turn   | Place    | Note
--------------------------------------------------------------
     0 | D:1      | abixa the Hill Orc Berserker began the quest for the Orb.
     0 | D:1      | Reached XP level 1. HP: 19/19 MP: 1/1
    31 | D:1      | Reached XP level 2. HP: 9/27 MP: 2/2
   304 | D:1      | Reached XP level 3. HP: 28/33 MP: 3/3
   602 | D:2      | Reached skill level 5 in Axes
   840 | D:2      | Acquired Trog's second power
  1209 | D:3      | Noticed Sigmund
  1218 | D:2      | Reached XP level 4. HP: 32/40 MP: 4/4
  1806 | D:3      | Killed Sigmund
  1806 | D:3      | Reached skill level 5 in Fighting
  1806 | D:3      | Reached skill level 6 in Axes
  1806 | D:3      | Reached XP level 5. HP: 48/48 MP: 5/5
  1806 | D:3      | Reached XP level 6. HP: 56/56 MP: 6/6
  1832 | D:3      | Noticed a wasp
  1847 | D:3      | Paralysed by a wasp for 2 turns
  1855 | D:3      | HP: 2/56 [jackal (1)]
  1856 | D:3      | Succumbed to a kobold's poison

Vault maps used:
D:1:      onia_arrival_pyramid
D:2:      st_stairs_14, kennysheep_decorative_pillar,
          minmay_misc_feat_four_crosses, serial_park_tiny_2
D:3:      lemuel_castle_with_subvaults, uniq_natasha, uniq_sigmund

Action                   |  1- 3 |  4- 6 || total
-------------------------+-------+-------++-------
Melee: Hand axe          |   113 |    83 ||   196
Throw: Stone             |       |     6 ||     6
Invok: Berserk           |       |     1 ||     1
       Trog's Hand       |       |     1 ||     1
  Use: Scroll            |       |     1 ||     1
  Eat: Chunk             |     1 |     2 ||     3
